 Dungeon Crawl Stone Soup version 0.20.0-15-g7f486f2 (webtiles) character file.

1194 systemy the Cleaver (level 8, -3/106 HPs)
             Began as a Minotaur Berserker on June 25, 2017.
             Was a Priest of Trog.
             Killed by divine providence
             ... invoked by an orc priest
              (12 damage)
             ... on level 5 of the Dungeon.
             The game lasted 00:05:29 (4199 turns).

systemy the Cleaver (Minotaur Berserker)            Turns: 4199, Time: 00:05:30

Health: -3/106     AC:  6    Str: 28    XL:     8   Next: 20%
Magic:  7/7        EV: 11    Int:  4    God:    Trog [***...]
Gold:   191        SH:  0    Dex: 11    Spells: 7/7 levels left

rFire    . . .     SeeInvis .   a - +0 hand axe
rCold    . . .     Gourm    .   (no shield)
rNeg     . . .     Faith    .   n - +0 ring mail
rPois    .         Spirit   .   (helmet restricted)
rElec    .         Reflect  .   (no cloak)
rCorr    .         Harm     .   (no gloves)
MR       .....                  (no boots)
Stlth    ..........             (no amulet)
Regen    0.3/turn               (no ring)
MPRegen  0.1/turn               (no ring)

@: berserking, starving, very quick
A: retaliatory headbutt, horns 2
a: Berserk, Trog's Hand, Burn Spellbooks, Renounce Religion


You were on level 5 of the Dungeon.
You worshipped Trog.
Trog was most pleased with you.
You were starving.

You visited 1 branch of the dungeon, and saw 5 of its levels.

You collected 191 gold pieces.

Inventory:

Hand Weapons
 a - a +0 hand axe (weapon)
Armour
 b - a +0 animal skin
 j - a +2 hat
 n - a +0 ring mail (worn)
Jewellery
 o - an uncursed ring of protection from magic {unknown}
 t - an uncursed ring of fire {unknown}
 A - an uncursed ring of wizardry {unknown}
Wands
 D - a wand of lightning (7/15)
Scrolls
 e - a scroll of identify {unknown}
 g - a scroll of blinking {unknown}
 h - a scroll of enchant armour {unknown}
 k - a scroll of immolation {unknown}
 q - 2 scrolls of teleportation {unknown}
 s - 2 scrolls of fog {unknown}
 u - a scroll of random uselessness {unknown}
 w - a scroll of fear {unknown}
 y - a scroll of recharging {unknown}
 z - a scroll of magic mapping {unknown}
 B - a scroll of remove curse {unknown}
 H - a scroll of enchant weapon {unknown}
Potions
 d - a potion of mutation {unknown}
 f - 2 potions of heal wounds {unknown}
 l - 2 potions of curing {unknown}
 p - a potion of lignification {unknown}
 v - a potion of resistance {unknown}
 x - a potion of berserk rage {unknown}
 C - 2 potions of agility {unknown}
 E - 2 potions of brilliance {unknown}
 F - a potion of flight {unknown}
 G - a potion of cancellation {unknown}
Comestibles
 c - 4 bread rations
 i - a royal jelly
 m - 4 fruits
 r - a meat ration


   Skills:
 + Level 6.8 Fighting
 + Level 8.6 Axes
 + Level 6.9 Armour
 - Level 2.1 Dodging


You had 7 spell levels left.
You didn't know any spells.

Dungeon Overview and Level Annotations

Branches:
Dungeon (5/15)
 Temple: D:4-7

Altars:
Okawaru


Innate Abilities, Weirdness & Mutations

You reflexively headbutt those who attack you in melee.
You have a pair of horns on your head.


Message History

You kill the orc priest!
Trog accepts your kill.
You closely miss the quokka. The quokka closely misses you.
You hit the orc priest. You headbutt the orc priest!
The orc priest is severely wounded.
You closely miss the quokka. You barely miss the orc priest.
You headbutt the orc priest.
You kill the orc priest!
Trog accepts your kill.
You closely miss the quokka. The quokka bites you.
* * * LOW HITPOINT WARNING * * *
You slash the quokka!
You kill the quokka!
Trog accepts your kill.
You hit the orc priest. You slash the orc priest!
The orc priest is severely wounded.
The orc priest invokes the aid of Beogh against you.
Beogh smites you!
You die...

.....+......#...#
.....#......#...#
.....#......#...#
.....#......'...#
#+####......###'# .
.......########.######'#
.......'.....#..........
.......#.....#..........
.......#.....#..@†......
..>....#.....#..o)......
.......#+##..####..##.##
###....>..#..# ..# #
..#.......# ... ...
..#.......# .. ....
..+.......# .....
..#.......# .....#
..#.......#


You could see an orc priest.

Vanquished Creatures
  Sigmund (D:2)
  Eustachio (D:5)
  Edmund (D:5)
  2 sky beasts (D:5)
  A phantom (D:5)
  A centaur (D:5)
  An ogre (D:5)
  An orc wizard (D:5)
  2 orc priests (D:5)
  A hound (D:4)
  A bullfrog skeleton (D:4)
  An iguana (D:5)
  A worker ant (D:4)
  5 adders
  An ooze (D:3)
  An adder skeleton (D:4)
  A worm (D:2)
  4 dart slugs
  3 leopard geckos
  3 orcs
  3 giant cockroaches
  7 goblins
  10 hobgoblins
  8 jackals
  5 quokkas
  2 ball pythons
  7 bats
  7 frilled lizards
  4 kobolds
  6 rats
92 creatures vanquished.

Notes
Turn   | Place    | Note
-------+----------+-------------------------------------------
     0 | D:1      | systemy the Minotaur Berserker began the quest for the Orb.
     0 | D:1      | Reached XP level 1. HP: 19/19 MP: 0/0
   224 | D:1      | Reached XP level 2. HP: 27/27 MP: 1/1
   233 | D:1      | Reached skill level 4 in Axes
   328 | D:1      | Reached ** piety under Trog
   420 | D:1      | Reached XP level 3. HP: 22/34 MP: 2/2
   774 | D:2      | Noticed Sigmund
   786 | D:2      | Killed Sigmund
   786 | D:2      | Reached skill level 5 in Fighting
   786 | D:2      | Reached skill level 5 in Axes
   786 | D:2      | Reached XP level 4. HP: 42/42 MP: 3/3
   786 | D:2      | Reached XP level 5. HP: 48/48 MP: 4/4
  1593 | D:3      | Reached skill level 6 in Axes
  1735 | D:3      | Reached *** piety under Trog
  2482 | D:3      | Found a faded altar of an unknown god.
  2539 | D:3      | Reached XP level 6. HP: 48/57 MP: 5/5
  3339 | D:5      | Entered Level 5 of the Dungeon
  3366 | D:5      | Noticed Edmund
  3382 | D:5      | Killed Edmund
  3382 | D:5      | Reached skill level 7 in Axes
  3389 | D:5      | Reached skill level 5 in Armour
  3389 | D:5      | Reached XP level 7. HP: 13/63 MP: 6/6
  3761 | D:5      | Found an iron altar of Okawaru.
  3781 | D:5      | Noticed Eustachio
  3794 | D:5      | Killed Eustachio
  3853 | D:5      | Reached skill level 8 in Axes
  3944 | D:5      | Reached XP level 8. HP: 14/71 MP: 7/7
  4199 | D:5      | Killed from afar by an orc priest

Skill      XL: |  1  2  3  4  5  6  7 |
---------------+----------------------+-----
Fighting       | 4 5 6 |  6.8
Axes           | 4 5 6 7 8 |  8.6
Armour         | 3 5 6 |  6.9
Dodging        | |  2.1

Action                   |  1- 3 |  4- 6 |  7- 9 || total
-------------------------+-------+-------+-------++-------
Melee: Hand axe          |    40 |   120 |    60 ||   220
       Headbutt          |     5 |    26 |    18 ||    49
Invok: Berserk           |     1 |       |     1 ||     2
  Eat: Chunk             |       |     3 |     2 ||     5
       Meat ration       |       |     1 |       ||     1
Armor: Animal skin       |     7 |       |       ||     7
       Ring mail         |     1 |    24 |    21 ||    46
Dodge: Dodged            |    29 |    88 |    26 ||   143
